 Dungeon Crawl Stone Soup version 0.28-a0-655-g4eb62b627b (webtiles) character file.

Game seed: 2692781460738883448

37 ytrimaz the Insei (level 3, -3/23 HPs)
             Began as an Octopode Transmuter on Oct 12, 2021.
             Slain by a goblin (5 damage)
             ... led by Robin
             ... on level 2 of the Dungeon.
             The game lasted 00:01:31 (938 turns).

ytrimaz the Insei (Octopode Transmuter)              Turns: 938, Time: 00:01:31

Health: -3/23      AC:  1    Str:  9    XL:     3   Next: 41%
Magic:  5/6        EV: 13    Int: 16    God:
Gold:   36         SH:  0    Dex: 12    Spells: 5/6 levels left

rFire   . . .      SeeInvis .     - Unarmed
rCold   . . .      Faith    .   (no shield)
rNeg    . . .      Spirit   .   (helmet currently unavailable)
rPois   .          Reflect  .   (no amulet)
rElec   .          Harm     .   (no ring)
rCorr   .          Rampage  .   (no ring)
Will    .....                   (no ring)
Stlth   ++........              (no ring)
HPRegen 0.07/turn               (no ring)
MPRegen 0.10/turn               (no ring)
                                (no ring)
                                (no ring)

@: appendages
A: tentacle spike 3, almost no armour, amphibious, 8 rings, camouflage 1,
gelatinous body 1, (nimble swimmer 1), tentacles
a: End Transformation


You were on level 2 of the Dungeon.
One of your tentacles had grown a beastly spike.
You visited 1 branch of the dungeon, and saw 2 of its levels.

You collected 36 gold pieces.

You aren't carrying anything.


   Skills:
 + Level 1.0 Fighting
 - Level 2.0 Dodging
 + Level 4.1 Unarmed Combat
 + Level 2.1 Spellcasting
 + Level 2.2 Transmutations


You had 5 spell levels left.
You knew the following spells:

 Your Spells              Type           Power      Damage    Failure   Level
a - Beastly Appendage     Tmut           16%        N/A       9%          1

Your spell library contained the following spells:

 Spells                   Type           Power      Damage    Failure   Level
 Wereblood                Tmut           8%         N/A       12%         2
 Spider Form              Tmut/Pois      2%         N/A       36%         3
 Ice Form                 Ice/Tmut       5%         N/A       77%         4


Dungeon Overview and Level Annotations

Branches:
Dungeon (1/15)

Altars:

Annotations:
D:2 Robin


Innate Abilities, Weirdness & Mutations

One of your tentacles has grown a beastly spike.
You cannot wear most types of armour.
You are amphibious.
You can wear up to eight rings at the same time.
Your skin changes colour to match your surroundings (Stealth+).
Your rubbery body absorbs attacks. (AC +1, EV +1)
((You are camouflaged near water. (Stealth+)))
You have tentacles for arms and can constrict up to eight enemies at once.


Message History

Casting: Beastly Appendage (safe; 9% risk of failure)
Confirm with . or Enter, or press ? or * to list all spells.
You don't know that spell.
You closely miss the goblin. Your grab misses the goblin.
Your squeeze misses the goblin. You tentacle-slap the goblin.
You grab the goblin. You squeeze the goblin.
You kill the goblin!
Robin throws the goblin at you!
You miss the goblin. Your grab misses the goblin.
The goblin hits you with a +0 dagger. The goblin closely misses you.
Robin throws the goblin at you!
You aren't carrying any potions.
Unknown command.
Casting: Beastly Appendage (safe; 9% risk of failure)
Confirm with . or Enter, or press ? or * to list all spells.
Okay, then.
As you read the scroll labelled LEMPAR VESIKKE, it crumbles to dust.
You feel aware of your surroundings.
You sensed 1 altar.
It was a scroll of magic mapping.
The goblin hits you with a +0 dagger.
* * * LOW HITPOINT WARNING * * *
The goblin hits you but does no damage. The goblin hits you with a +0 club.
* * * LOW HITPOINT WARNING * * *
Unknown command.
You aren't carrying any potions.
You tentacle-slap the goblin.
You kill the goblin!
Your tentacle spike disappears.
The goblin closely misses you. x2
Unknown command.
Casting: Beastly Appendage (safe; 9% risk of failure)
Confirm with . or Enter, or press ? or * to list all spells.
One of your tentacles grows a vicious spike.
The hobgoblin barely misses you. The goblin completely misses you.
The goblin barely misses you.
You barely miss the hobgoblin. You grab the hobgoblin.
Your tentacle spike misses the hobgoblin.
You squeeze the hobgoblin.
You kill the hobgoblin!
The goblin hits you with a +0 club.
You die...

*###.######...#######.#.*******,*
,.......................,,,,,,>,,
*#.#..................#,*,*******
**,#.)...###.....#..###,*,*,,,*
,,,+.....# #.###)#,g# *,*,,,,,*
##+#.....# #.# #)#,,# *,***,***
.........# #.# #g#,,* *,* *,*
.........# #.# #)#,,* *,* *,*
....#'####*#+#*#@#,,***,* *,*
##......†##....gg#,,<**,* *,*
#.......##......#,,,**,* *,*
#(......##.....##,,,**,* *,*
#.......#######**,,,**,* *,*
#.......# *,,,,*,* *,* *#.......#
*,****,* *,* #........# *,,,,,,*
*,* .....+#### *********** *,*


You could see Robin and 2 goblins.

Vanquished Creatures
  A dart slug (D:1)
  3 ball pythons (D:1)
  An endoplasm (D:1)
  A giant cockroach (D:1)
  7 goblins (D:2)
  5 hobgoblins
  3 jackals (D:1)
  2 quokkas (D:1)
  A bat (D:2)
  A frilled lizard (D:1)
  2 kobolds (D:1)
  4 rats (D:1)
31 creatures vanquished.

Notes
Turn   | Place    | Note
-------+----------+-------------------------------------------
     0 | D:1      | ytrimaz the Octopode Transmuter began the quest for the
                  | Orb.
     0 | D:1      | Reached XP level 1. HP: 13/13 MP: 3/3
    69 | D:1      | Reached XP level 2. HP: 6/18 MP: 1/5
   570 | D:1      | Reached XP level 3. HP: 15/23 MP: 6/6
   888 | D:1      | You fall into a shaft and drop 1 floor!
   893 | D:2      | Reached skill level 4 in Unarmed Combat
   922 | D:2      | Noticed Robin
   938 | D:2      | Slain by a goblin

Illustrated notes

Levels and vault maps discovered:
D:1:      grunt_arrival_lava_bath, layout_basic,
          dreamdust_ecumenical_altar_grove, chequers_avenue, glass_columns_a
D:2:      layout_basic, basic_altar, uniq_robin

Skill      XL: |  1  2  3 |
---------------+----------+-----
Unarmed Combat | 4 |  4.1
Fighting       | |  1.0
Dodging        | |  2.0
Spellcasting   | |  2.1
Transmutations | |  2.2

Action                   || total
-------------------------++-------
Melee: Unarmed           ||    65
       Constrict         ||    19
       Punch             ||     2
       Kick              ||     9
       Tentacles         ||     6
 Cast: Beastly Appendage ||     7
  Use: Scroll            ||     1
 Stab: Sleeping          ||     4
Armor: Skin              ||     7
Dodge: Dodged            ||    61

Table legend: (Time is in decaauts)
 A = Elapsed time spent in this place.
 B = Non-inter-level travel time spent in this place.
 C = Inter-level travel time spent in this place.
 D = Time resting spent in this place.
 E = Time spent auto-exploring this place.
 F = Levels seen in this place.
 G = Mean time per level.
                   A        B        C        D        E       F      G
               +--------+--------+--------+--------+--------+-----+--------+
         Total |    933 |    933 |      0 |    188 |    572 |   2 |  466.5 |
       Dungeon |    933 |    933 |      0 |    188 |    572 |   2 |  466.5 |
               +--------+--------+--------+--------+--------+-----+--------+

Top non-repeatable levels by time:
     D:1: 884 daAuts
     D:2: 48 daAuts
